 Dungeon Crawl Stone Soup version 0.27.1-33-g824d729ab1 (webtiles) character file.

Game seed: 4124209076098773142

46 demibob the Slasher (level 3, 0/29 HPs)
             Began as a Demonspawn Berserker on Nov 24, 2021.
             Was a Follower of Trog.
             Succumbed to an adder's poison
             ... on level 2 of the Dungeon.
             The game lasted 00:01:21 (2099 turns).

demibob the Slasher (Demonspawn Berserker)          Turns: 2099, Time: 00:01:22

Health: 0/29       AC:  2    Str: 17    XL:     3   Next: 46%
Magic:  3/3        EV: 12    Int:  8    God:    Trog [*.....]
Gold:   40         SH:  0    Dex: 13    Spells: 2/2 levels left

rFire    . . .     SeeInvis .   a - +0 falchion
rCold    . . .     Faith    .   (no shield)
rNeg     . . .     Spirit   .   b - +0 animal skin
rPois    .         Reflect  .   (no helmet)
rElec    .         Harm     .   (no cloak)
rCorr    .         Rampage  .   (no gloves)
Will     .....                  (no boots)
Stlth    +.........             (no amulet)
HPRegen  0.09/turn              (no ring)
MPRegen  0.08/turn              (no ring)

@: lethally poisoned (0 -> -3), on berserk cooldown, slowed, very slow
A: hooves 1, spiny 1
a: Renounce Religion, Berserk


You were on level 2 of the Dungeon.
You worshipped Trog.
Trog was aware of your devotion.
You visited 1 branch of the dungeon, and saw 2 of its levels.

You collected 40 gold pieces.


Innate Abilities, Weirdness & Mutations

You have large cloven feet.
You are partially covered in sharp spines.


   Skills:
 - Level 3.0 Fighting
 + Level 4.1 Long Blades
 - Level 1.7 Armour
 - Level 1.7 Dodging


You had 2 spell levels left.
You didn't know any spells.
Your spell library was empty.

Inventory:

Hand Weapons
 a - a +0 falchion (weapon)
Missiles
 e - a throwing net (quivered) {=f}
Armour
 b - a +0 animal skin (worn)
Scrolls
 c - a scroll of fog {unknown}
 d - a scroll of teleportation {@r2}
 g - 2 scrolls of identify {@r1}
 h - a scroll of amnesia {unknown}
Potions
 f - a potion of haste {@q3}

Dungeon Overview and Level Annotations

Branches:
Dungeon (2/15)

Altars:

####....###########
########.....# #
#............# #
#.........(..########## .
#......................
...###g.....................
........###.#.....##########
........# #.#.#...# ##
........# #@#.##### #.
........# #.#........ #.
.....S... #.########. #.
...r....# #.# #. ..[.....#
#.# #. ........# #.# #.
......[.. #.# ## #.# #.#


There were no monsters in sight!


Message History

You kill the adder!
Trog accepts your kill.
* * * LOW HITPOINT WARNING * * *
You feel very sick.
Your Long Blades skill increases to level 4!
You closely miss the goblin. You kick the goblin.
You kill the goblin!
Trog accepts your kill.
* * * LOW HITPOINT WARNING * * *
You feel sick.
You slash the rat!
You kill the rat!
Trog accepts your kill.
You feel sick.
You feel sick.
Things that are here:
a +0 club; a goblin corpse You start resting.
You feel a strong urge to attack something.
You feel sick. x2
You feel your anger nearly subside.
You are no longer berserk.
You are exhausted.
You feel yourself slow down.
* * * LOW HITPOINT WARNING * * *
You feel sick.
There is a lethal amount of poison in your body!
Unknown command.
* * * LOW HITPOINT WARNING * * *
You feel sick.
You die...

Skill      XL: |  1  2  3 |
---------------+----------+-----
Long Blades    | 3 4 |  4.1
Fighting       | |  3.0
Armour         | |  1.7
Dodging        | |  1.7

Action                   || total
-------------------------++-------
Melee: Falchion          ||    56
       Kick              ||     8
Invok: Berserk           ||     1
  Use: Scroll            ||     3
 Stab: Sleeping          ||     1
Armor: Animal skin       ||    11
Dodge: Dodged            ||    28
       Rpst.: Falchion   ||     8

Levels and vault maps discovered:
D:1:      kennysheep_arrival_seaside, layout_basic, kennysheep_pointless_box,
          chequers_avenue
D:2:      layout_basic, dreamdust_ecumenical_altar_angels_and_demons

Notes
Turn   | Place    | Note
-------+----------+-------------------------------------------
     0 | D:1      | demibob the Demonspawn Berserker began the quest for the
                  | Orb.
     0 | D:1      | Reached XP level 1. HP: 18/18 MP: 1/1
   215 | D:1      | Reached skill level 3 in Long Blades
   679 | D:1      | Gained mutation: You have large cloven feet. [demonic
                  | ancestry]
   679 | D:1      | Reached XP level 2. HP: 18/24 MP: 2/2
  1936 | D:2      | Gained mutation: You are partially covered in sharp spines.
                  | [demonic ancestry]
  1936 | D:2      | Reached XP level 3. HP: 26/29 MP: 3/3
  2092 | D:2      | Reached skill level 4 in Long Blades
  2098 | D:2      | HP: 2/29 [poisoned by an adder]
  2099 | D:2      | Succumbed to an adder's poison

Vanquished Creatures
  2 adders (D:2)
  A dart slug (D:1)
  A ball python (D:1)
  3 bats
  4 endoplasms
  2 giant cockroaches
  4 goblins
  3 hobgoblins (D:1)
  A kobold (D:1)
  2 rats
23 creatures vanquished.

Table legend: (Time is in decaauts)
 A = Elapsed time spent in this place.
 B = Non-inter-level travel time spent in this place.
 C = Inter-level travel time spent in this place.
 D = Time resting spent in this place.
 E = Time spent auto-exploring this place.
 F = Levels seen in this place.
 G = Mean time per level.
                   A        B        C        D        E       F      G
               +--------+--------+--------+--------+--------+-----+--------+
         Total |   2106 |   2077 |     29 |    164 |   1733 |   2 | 1053.0 |
       Dungeon |   2106 |   2077 |     29 |    164 |   1733 |   2 | 1053.0 |
               +--------+--------+--------+--------+--------+-----+--------+

Top non-repeatable levels by time:
     D:1: 1600 daAuts
     D:2: 505 daAuts

Table legend:
 A = Non-vault XP
 B = Vault XP
 C = Vault XP percentage of total XP
 D = Non-vault monster count
 E = Vault monster count
 F = Vault count percentage of total count
                 A         B        C        D         E       F
            +---------+---------+-------+---------+---------+-------
      Total |      67 |       0 |   0.0 |      23 |       0 |   0.0
            +---------+---------+-------+---------+---------+-------
        D:1 |      29 |       0 |   0.0 |      14 |       0 |   0.0
        D:2 |      38 |       0 |   0.0 |       9 |       0 |   0.0
            +---------+---------+-------+---------+---------+-------
